 Dungeon Crawl Stone Soup version 0.20-a0-33-g996f6e0 (webtiles) character file.

102 GlassEater the Cutter (level 5, 0/51 HPs)
             Began as a Kobold Berserker on Nov 9, 2016.
             Was a Believer of Trog.
             Killed by divine providence
             ... invoked by an orc priest
              (11 damage)
             ... on level 3 of the Dungeon.
             The game lasted 00:03:17 (1915 turns).

GlassEater the Cutter (Kobold Berserker)            Turns: 1915, Time: 00:03:18

Health: 0/51       AC:  4    Str: 20    XL:     5   Next: 6%
Magic:  5/5        EV: 15    Int:  8    God:    Trog [**....]
Gold:   66         SH:  0    Dex: 15    Spells: 0 memorised, 4 levels left

rFire  . . .     SeeInvis .     a - +1 dagger (holy)
rCold  . . .     Gourm    .     d - +0 leather armour (curse)
rNeg   . . .     Faith    .     (shield restricted)
rPois  .         Spirit   .     (no helmet)
rElec  .         Reflect  .     f - +0 cloak
rCorr  .         Harm     .     (no gloves)
MR     ++...                    (no boots)
Stlth  ..........               (no amulet)
                                (no ring)
                                (no ring)

@: berserking, regenerating, very quick
A: carnivore 3
a: Berserk, Trog's Hand, Burn Spellbooks, Renounce Religion


You were on level 3 of the Dungeon.
You worshipped Trog.
Trog was pleased with you.
You were very full.

You visited 1 branch of the dungeon, and saw 3 of its levels.

You collected 66 gold pieces.

Inventory:

Hand Weapons
 a - a +1 dagger of holy wrath (weapon)
Armour
 d - a cursed +0 leather armour (worn)
 f - a +0 cloak (worn)
Scrolls
 g - a scroll of amnesia {unknown}
 h - a scroll of teleportation {unknown}
 j - 2 scrolls of remove curse {unknown}
Potions
 e - 2 potions of agility {unknown}
 i - a potion of curing {unknown}
Comestibles
 b - 5 chunks of flesh
 c - a meat ration


   Skills:
 + Level 4.8 Fighting
 + Level 5.7 Short Blades
 - Level 1.5 Armour
 - Level 2.4 Dodging


You had 4 spell levels left.
You didn't know any spells.

Dungeon Overview and Level Annotations

Branches:
Dungeon (2/15)

Altars:

Annotations:
D:3 Grinder


Innate Abilities, Weirdness & Mutations

You are small and have problems with some larger weapons.
You are carnivorous and can eat meat at any time.


Message History

Grinder blinks!
You hit the orc wizard.
The orc wizard is almost dead.
The orc wizard miscasts a cantrip.
You hit the orc wizard.
You feel the power of Trog in you as your rage grows.
You kill the orc wizard!
Trog accepts your kill.
Trog appreciates your killing of a magic user.
You have reached level 5!
You feel stronger. The orc completely misses you.
Items here: )) [[ † a dagger; a robe; a mace; a leather armour; an orc corpse You puncture the orc!
You kill the orc!
Trog accepts your kill.
The orc priest calls down the wrath of Beogh upon you.
Beogh smites you!
You die...

### #.. #.# #.# ... ..#
#.# #.# #o####.#
######.###@..5..#
...........####### ##
.. #.##.##.# ....# ....
#.......#.....# .#.
#.............# ..
#.......#.....# .#####.
#..............
.......##........#####.
#.......#.#####.#


You could see Grinder and an orc priest.

Vanquished Creatures
  An orc wizard (D:3)
  2 adders (D:2)
  A worm (D:2)
  3 orcs (D:3)
  5 bats
  2 giant cockroaches (D:2)
  5 goblins
  2 hobgoblins
  9 jackals
  2 ball pythons
  A frilled lizard (D:2)
  8 kobolds
  7 rats
48 creatures vanquished.

Notes
Turn   | Place    | Note
-------+----------+-------------------------------------------
     0 | D:1      | GlassEater the Kobold Berserker began the quest for the Orb.
     0 | D:1      | Reached XP level 1. HP: 14/14 MP: 1/1
   307 | D:1      | Reached XP level 2. HP: 19/19 MP: 2/2
  1014 | D:1      | Reached XP level 3. HP: 16/24 MP: 3/3
  1308 | D:2      | Reached ** piety under Trog
  1794 | D:2      | Reached skill level 5 in Short Blades
  1794 | D:2      | Reached XP level 4. HP: 30/30 MP: 4/4
  1854 | D:2      | You fall through a shaft!
  1900 | D:3      | Noticed Grinder
  1913 | D:3      | Reached XP level 5. HP: 9/34 MP: 5/5
  1915 | D:3      | Killed from afar by an orc priest

Vault maps used:
D:1:      roderic_chinese_lattice_arrival
D:2:      roderic_three_in_a_row
D:3:      uniq_grinder

Skill      XL: |  1  2  3 |
---------------+----------+-----
Fighting       | 4 |  4.8
Short Blades   | 5 |  5.7
Armour         | |  1.5
Dodging        | |  2.4

Action                   |  1- 3 |  4- 6 || total
-------------------------+-------+-------++-------
Melee: Short sword       |   110 |       ||   110
       Dagger            |    24 |    42 ||    66
Invok: Berserk           |     2 |     2 ||     4
       Trog's Hand       |       |     1 ||     1
 Stab: Sleeping          |       |     1 ||     1
  Eat: Chunk             |    13 |     2 ||    15
Armor: Leather armour    |    42 |     8 ||    50
Dodge: Dodged            |   112 |    24 ||   136
